 Dungeon Crawl Stone Soup version 0.31-a0-640-g39d97e502b (webtiles) character file.

Game seed: 8367321796000779952

1947 qw the Skirmisher (level 9, -1/57 HPs)
             Began as a Gargoyle Hunter on Aug 27, 2023.
             Slain by a troll (11 damage)
             ... on level 7 of the Dungeon.
             The game lasted 00:04:45 (5554 turns).

qw the Skirmisher (Gargoyle Hunter)                 Turns: 5554, Time: 00:04:45

Health: -1/57      AC: 12    Str: 20    XL:     9   Next: 18%
Magic:  9/9        EV: 13    Int:  9    God:
Gold:   295        SH:  0    Dex: 19    Spells: 8/8 levels left

rFire   . . .        Y - +0 shortbow
rCold   . . .        (shield currently unavailable)
rNeg    + . .        a - +1 robe "Qaigudestre" {Str+4 Dex+2}
rPois   inf          d - +0 helmet
rElec   +            (no cloak)
rCorr   .            g - +0 pair of gloves {Stlth+}
SInv    .            j - +0 pair of boots
Will    .....        e - amulet of faith
Stlth   +++          (no ring)
HPRegen 0.29/turn    (no ring)
MPRegen 0.11/turn

%: faith
@: no status effects
A: sickness immunity, AC +6, negative energy resistance 1, electricity
resistance, torment resistance 1, petrification resistance
a: no special abilities


You were on level 7 of the Dungeon.
You visited 2 branches of the dungeon, and saw 8 of its levels.

You collected 295 gold pieces.


Innate Abilities, Weirdness & Mutations

You are immune to sickness and miasma.
Your stone body is resilient. (AC +6)
You are immune to poison.
You resist negative energy. (rN+)
You are resistant to electric shocks. (rElec)
You are resistant to unholy torment.
You are immune to petrification.


   Skills:
 - Level 7.0 Fighting
 + Level 10.0 Ranged Weapons
 - Level 2.0 Armour
 - Level 3.2 Dodging
 - Level 1.1 Stealth


You had 8 spell levels left.
You didn't know any spells.
Your spell library was empty.

Inventory:

Hand Weapons
 Y - a +0 shortbow (weapon)
Armour
 a - the +1 robe "Qaigudestre" (worn) {Str+4 Dex+2}
   (You found it on level 2 of the Dungeon)

   Str+4:     It affects your strength (+4).
   Dex+2:     It affects your dexterity (+2).
 d - a +0 helmet (worn)
 g - a +0 pair of gloves of stealth (worn)
 j - a +0 pair of boots (worn)
 k - a +2 robe of fire resistance
Jewellery
 e - an amulet of faith (around neck)
Scrolls
 c - a scroll of identify
Potions
 b - 3 potions of haste
 h - a potion of curing
 i - a potion of mutation
 l - a potion of ambrosia {unknown}
 m - a potion of might {unknown}
 n - a potion of enlightenment

Dungeon Overview and Level Annotations

Branches:
Dungeon (7/15)             Temple (1/1) D:4

Altars:
Ashenzari
Cheibriados
Dithmenos
Elyvilon
Fedhas
Gozag
Hepliaklqana
Kikubaaqudgha
Makhleb
Nemelex Xobeh
Ru
Sif Muna
Trog
Uskayaw
Vehumet
Wu Jian
Xom
Yredelemnul
Zin
The Shining One

Shops:
D:6 (

Annotations:
D:5 exclusions: black bear and 2 gnolls


Message History

You shoot an arrow. The arrow closely misses the troll.
The arrow hits the kobold.
You kill the kobold!
The troll closely misses you. The troll claws you!
The troll claws you but does no damage.
You shoot an arrow. The arrow hits the troll.
The troll is lightly wounded.
The orc priest invokes the aid of Beogh against you.
Beogh smites you! The troll bites you.
The troll claws you but does no damage. x2
You shoot an arrow. The arrow hits the troll.
The troll is lightly wounded.
The troll closely misses you. The troll claws you but does no damage.
The troll closely misses you.
You shoot an arrow.
The arrow hits the troll but does no damage.
The troll barely misses you. The troll claws you. x2
You shoot an arrow. The arrow hits the troll.
The troll is lightly wounded.
The troll barely misses you. The troll completely misses you.
The troll barely misses you.
Enter note: You shoot an arrow.
The arrow closely misses the troll.
The arrow hits the orc.
The orc is heavily wounded.
The troll bites you! The troll claws you!
The troll claws you but does no damage.
5551 ||| DRINKING potion of heal wounds.
You feel much better. The troll bites you! The troll closely misses you.
The troll claws you but does no damage.
You shoot an arrow. The arrow completely misses the troll.
The arrow hits the orc.
You kill the orc!
You hear a shout!
You shoot an arrow. The arrow hits the troll.
The troll is lightly wounded.
The troll bites you. The troll claws you. x2
You shoot an arrow. The arrow hits the troll.
The troll is lightly wounded.
The troll bites you!
You die...

#...# #...# ###...#
#########.#...#
).......#.....#
.######.#.#...## .#
#...........#####
)###....#<......@TK####... .
..## #..#.....####..........
#..# ##....>#:....)####.....
##.###.....)#.....K[........
#..##.#.#......o.o.###..K..
##.......#........## ...
###.##....#......# .
................#
##.......#........


You could see a troll and a kobold brigand.

Vanquished Creatures
  Pikel (D:5)
  Menkaure (D:5)
  A water moccasin (D:7)
  2 ice beasts
  A black bear (D:5)
  An ogre (D:5)
  A kobold brigand (D:3)
  A phantom (D:6)
  A scorpion (D:6)
  5 wights (D:7)
  A howler monkey (D:5)
  A hound (D:4)
  Jessica (D:2)
  3 iguanas
  3 orc wizards (D:7)
  7 adders
  2 shadow imps (D:6)
  2 white imps
  3 worms
  4 dart slugs
  12 orcs
  7 bats
  6 endoplasms
  2 giant cockroaches
  3 goblins
  14 hobgoblins
  5 quokkas
  5 ball pythons
  3 frilled lizards
  8 kobolds
  7 rats
114 creatures vanquished.

Notes
Turn   | Place    | Note
-------+----------+-------------------------------------------
     0 | D:1      | qw the Gargoyle Hunter began the quest for the Orb.
     0 | D:1      | Reached XP level 1. HP: 12/12 MP: 1/1
     0 | D:1      | 0 ||| qw: Version: 0.3-a-74-g0d5e918
     0 | D:1      | 0 ||| qw: Game counter: 153
     0 | D:1      | 0 ||| qw: Melee chars always use a shield: true
     0 | D:1      | 0 ||| qw: God list: Okawaru
     0 | D:1      | 0 ||| qw: Allow faded altars: false
     0 | D:1      | 0 ||| qw: Do Orc after clearing Dungeon:15 true
     0 | D:1      | 0 ||| qw: Do second Lair branch before Depths: true
     0 | D:1      | 0 ||| qw: Lair rune preference: random
     0 | D:1      | 0 ||| qw: Goals: Normal
     0 | D:1      | 0 ||| PLANNING D:1-11
   132 | D:1      | Reached XP level 2. HP: 17/17 MP: 2/2
   758 | D:1      | 758 ||| UPGRADING to +0 helmet.
   763 | D:1      | 763 ||| UPGRADING to +0 pair of gloves of stealth.
   768 | D:1      | 768 ||| READING 3 scrolls labelled UGRUOS ERIRIF.
   769 | D:1      | 769 ||| DROPPING 2 scrolls of immolation.
   770 | D:1      | 770 ||| DROPPING scroll of butterflies.
   800 | D:2      | Noticed Jessica
   802 | D:2      | Reached XP level 3. HP: 21/21 MP: 3/3
   803 | D:2      | Killed Jessica
   804 | D:2      | Reached skill level 5 in Ranged Weapons
   844 | D:2      | Reached XP level 4. HP: 27/27 MP: 4/4
   855 | D:2      | Identified the +1 robe "Qaigudestre" {Str+4 Dex+2}
  1022 | D:2      | Found a faded altar of an unknown god.
  1135 | D:2      | Reached skill level 3 in Fighting
  1238 | D:2      | Reached skill level 1 in Armour
  1240 | D:2      | 1240 ||| FLEEEEING.
  1241 | D:2      | 1241 ||| FLEEEEING.
  1412 | D:2      | 1412 ||| UPGRADING to +1 robe "Qaigudestre" {Str+4 Dex+2}.
  1422 | D:2      | 1422 ||| DROPPING +0 leather armour.
  1423 | D:2      | 1423 ||| READING scroll labelled QIMOUH NUIMM.
  1424 | D:2      | 1424 ||| DRINKING 2 clear potions.
  1425 | D:2      | 1425 ||| DRINKING 2 emerald potions.
  1549 | D:3      | 1549 ||| FLEEEEING.
  1550 | D:3      | 1550 ||| FLEEEEING.
  1551 | D:3      | 1551 ||| FLEEEEING.
  1554 | D:3      | 1554 ||| STAIRDANCE
  1624 | D:3      | Reached XP level 5. HP: 32/32 MP: 5/5
  2175 | D:3      | Noticed a kobold brigand
  2177 | D:3      | Found a faded altar of an unknown god.
  2185 | D:3      | Killed a kobold brigand
  2186 | D:3      | Reached skill level 6 in Ranged Weapons
  2187 | D:3      | Found a hazy altar of Hepliaklqana.
  2189 | D:3      | 2189 ||| UPGRADING to +0 pair of boots.
  2194 | D:3      | 2194 ||| READING scroll labelled JONIEXK MYTS.
  2195 | D:3      | 2195 ||| READING 2 scrolls labelled OMADIF RUZA.
  2196 | D:3      | 2196 ||| READING 2 scrolls labelled BUYNEAKLEIF.
  2199 | D:3      | 2199 ||| DROPPING scroll of vulnerability.
  2350 | D:4      | Reached XP level 6. HP: 37/37 MP: 6/6
  2371 | D:4      | Noticed an ice beast
  2376 | D:4      | Killed an ice beast
  2425 | D:4      | Found a staircase to the Ecumenical Temple.
  2426 | D:4      | 2426 ||| PLANNING TEMPLE
  2434 | Temple   | Entered the Ecumenical Temple
  2435 | Temple   | 2435 ||| PLANNING D:1-11
  2774 | D:4      | Found a snail-covered altar of Cheibriados.
  2777 | D:4      | Found a blossoming altar of Fedhas.
  2780 | D:4      | Found an ancient bone altar of Kikubaaqudgha.
  2943 | D:4      | 2943 ||| READING 2 scrolls labelled NEOFIKHLICIAG.
  2944 | D:4      | 2944 ||| READING scroll labelled MECYZI YJEOL.
  2945 | D:4      | 2945 ||| READING 3 scrolls of identify.
  2945 | D:4      | 2945 ||| IDENTIFYING cyan potion
  2946 | D:4      | 2946 ||| READING 2 scrolls of identify.
  2946 | D:4      | 2946 ||| IDENTIFYING golden potion
  2947 | D:4      | 2947 ||| DROPPING scroll of noise.
  2948 | D:4      | 2948 ||| DROPPING potion of brilliance.
  2969 | D:5      | Entered Level 5 of the Dungeon
  3091 | D:5      | Found a bloodstained altar of Trog.
  3197 | D:5      | Reached skill level 7 in Ranged Weapons
  3348 | D:5      | Noticed a black bear
  3363 | D:5      | Killed a black bear
  3364 | D:5      | Reached XP level 7. HP: 20/44 MP: 7/7
  3496 | D:5      | Noticed Pikel
  3518 | D:5      | HP: 9/44 [Pikel/+1 whip of freezing (4)]
  3519 | D:5      | 3519 ||| READING scroll of teleportation.
  3520 | D:5      | 3520 ||| DRINKING potion of heal wounds.
  3522 | D:5      | 3522 ||| RETREATING.
  3525 | D:5      | 3525 ||| PLANNING D:1-11
  3525 | D:5      | 3525 ||| PLANNING D:1-11
  3525 | D:5      | 3525 ||| PLANNING D:1-11
  3531 | D:5      | Killed Pikel
  3532 | D:5      | Reached skill level 8 in Ranged Weapons
  3532 | D:5      | Reached XP level 8. HP: 24/48 MP: 8/8
  3535 | D:5      | 3535 ||| FLEEEEING.
  3641 | D:5      | Noticed Menkaure
  3643 | D:5      | 3643 ||| Stepping ~*~*~tactically~*~*~ (retreating).
  3645 | D:5      | 3645 ||| Stepping ~*~*~tactically~*~*~ (retreating).
  3653 | D:5      | Killed Menkaure
  3654 | D:5      | 3654 ||| FLEEEEING.
  3655 | D:5      | 3655 ||| FLEEEEING.
  3656 | D:5      | 3656 ||| READING scroll labelled OSOKHO DEBB.
  3693 | D:5      | Reached skill level 9 in Ranged Weapons
  3988 | D:5      | 3988 ||| DRINKING 2 fuming dark potions.
  4059 | D:5      | HP: 11/50 [ogre/+0 giant club (23)]
  4061 | D:5      | HP: 3/50 [ogre/+0 giant club (9)]
  4063 | D:5      | Reached skill level 6 in Fighting
  4148 | D:5      | 4148 ||| FLEEEEING.
  4149 | D:5      | 4149 ||| FLEEEEING.
  4150 | D:5      | 4150 ||| FLEEEEING.
  4234 | D:5      | 4234 ||| DROPPING potion of berserk rage.
  4341 | D:6      | 4341 ||| PLANNING D:1-11
  4408 | D:6      | Found a glowing silver altar of Zin.
  4410 | D:6      | Found a glowing golden altar of the Shining One.
  4448 | D:6      | Found a white marble altar of Elyvilon.
  4623 | D:6      | Found Wuh Noru's Weapon Boutique.
  4985 | D:6      | 4985 ||| UPGRADING to amulet of faith.
  4990 | D:6      | 4990 ||| READING scroll labelled ZUMARPH BAIPNAC.
  4991 | D:6      | 4991 ||| READING scroll labelled GUTOIFR APUC.
  4992 | D:6      | 4992 ||| DRINKING 2 sapphire potions.
  4993 | D:6      | 4993 ||| DRINKING 2 red potions.
  4994 | D:6      | 4994 ||| READING 2 scrolls of identify.
  4994 | D:6      | 4994 ||| IDENTIFYING fuming red potion
  4995 | D:6      | 4995 ||| DROPPING potion of invisibility.
  5126 | D:7      | Reached skill level 10 in Ranged Weapons
  5134 | D:7      | Noticed a troll
  5135 | D:7      | 5135 ||| FLEEEEING.
  5231 | D:7      | 5231 ||| RETREATING.
  5237 | D:7      | 5237 ||| Stepping ~*~*~tactically~*~*~ (retreating).
  5241 | D:7      | 5241 ||| Stepping ~*~*~tactically~*~*~ (retreating).
  5242 | D:7      | 5242 ||| Stepping ~*~*~tactically~*~*~ (retreating).
  5248 | D:7      | 5248 ||| Stepping ~*~*~tactically~*~*~ (retreating).
  5249 | D:7      | 5249 ||| Stepping ~*~*~tactically~*~*~ (retreating).
  5251 | D:7      | Reached skill level 3 in Dodging
  5256 | D:7      | Reached XP level 9. HP: 38/55 MP: 9/9
  5528 | D:7      | 5528 ||| Stepping ~*~*~tactically~*~*~ (outnumbered).
  5530 | D:7      | 5530 ||| Stepping ~*~*~tactically~*~*~ (outnumbered).
  5533 | D:7      | 5533 ||| Stepping ~*~*~tactically~*~*~ (outnumbered).
  5535 | D:7      | 5535 ||| RETREATING.
  5536 | D:7      | 5536 ||| Stepping ~*~*~tactically~*~*~ (retreating).
  5538 | D:7      | 5538 ||| Stepping ~*~*~tactically~*~*~ (outnumbered).
  5539 | D:7      | 5539 ||| Stepping ~*~*~tactically~*~*~ (outnumbered).
  5550 | D:7      | HP: 12/57 [troll (7)]
  5551 | D:7      | 5551 ||| DRINKING potion of heal wounds.
  5554 | D:7      | Slain by a troll

Levels and vault maps discovered:
D:1:      erik_arrival_triangle_large, layout_basic,
          chequers_serial_rivers_micro_b, hangedman_decor_clover_reticule
D:2:      layout_basic, dreamdust_ecumenical_altar_hidden_monk_grotto,
          grunt_ministairs_6, minmay_tall_x, uniq_jessica
D:3:      layout_basic, beargit_hepliaklqana_dungeon_heroes
D:4:      layout_loops_ring, grunt_temple_overflow_diamond,
          minmay_temple_entry_waves, hex_medium, kennysheep_minor_cross
D:5:      layout_loops_ring, nicolae_overflow_crystal_walls, chequers_big_river,
          uniq_pikel, uniq_menkaure
D:6:      layout_basic, good_gods_temple_1, serial_shops,
          nicolae_shop_back_alley_shop, corexii_hall_statues_i
D:7:      layout_rooms, uniq_joseph
Temple:   hellmonk_temple_two_chambers

Skill      XL: |  1  2  3  4  5  6  7  8  9 |
---------------+----------------------------+-----
Ranged Weapons | 5 6 7 8 10 | 10.0
Fighting       | 3 4 6 7 |  7.0
Armour         | 1 2 |  2.0
Dodging        | 2 3 |  3.2
Stealth        | |  1.1

Action                     |  1- 3 |  4- 6 |  7- 9 || total
---------------------------+-------+-------+-------++-------
   Fire: Shortbow          |    71 |   201 |   261 ||   533
    Use: Scroll            |     1 |     8 |     5 ||    14
         Potion            |       |     2 |     5 ||     7
 Armour: Leather armour    |     6 |     6 |       ||    12
         Robe              |       |    25 |    47 ||    72
  Dodge: Dodged            |    19 |    42 |    82 ||   143

Table legend:
 A = Non-vault XP
 B = Vault XP
 C = Vault XP percentage of total XP
 D = Non-vault monster count
 E = Vault monster count
 F = Vault count percentage of total count
                 A         B        C        D         E       F
            +---------+---------+-------+---------+---------+-------
      Total |    1793 |     989 |  35.5 |     104 |      10 |   8.8
            +---------+---------+-------+---------+---------+-------
        D:1 |      33 |       0 |   0.0 |      19 |       0 |   0.0
        D:2 |      58 |      54 |  48.2 |      17 |       7 |  29.2
        D:3 |      58 |     100 |  63.3 |      25 |       1 |   3.8
        D:4 |     230 |       0 |   0.0 |       8 |       0 |   0.0
        D:5 |     363 |     835 |  69.7 |       8 |       2 |  20.0
        D:6 |     283 |       0 |   0.0 |       9 |       0 |   0.0
        D:7 |     768 |       0 |   0.0 |      18 |       0 |   0.0
            +---------+---------+-------+---------+---------+-------
